 Dungeon Crawl Stone Soup version 0.21-a0-582-g1b93aee (webtiles) character file.

9021 galech the Grappler (level 11, 0/102 HPs)
             Began as a Troll Monk on Dec 19, 2017.
             Was a High Priest of Okawaru.
             Slain by a hornet (7 damage)
             ... on level 9 of the Dungeon.
             The game lasted 00:27:29 (12545 turns).

galech the Grappler (Troll Monk)                   Turns: 12545, Time: 00:27:33

Health: 0/102      AC: 20    Str: 26    XL:     11   Next: 17%
Magic:  11/11      EV:  7    Int:  6    God:    Okawaru [*****.]
Gold:   501        SH:  0    Dex: 17    Spells: 10/10 levels left

rFire    + + .     SeeInvis .   (no weapon)
rCold    x . .     Gourm    +   (no shield)
rNeg     . . .     Faith    .   F - +0 fire dragon scales
rPois    .         Spirit   .   (helmet restricted)
rElec    .         Reflect  .   K - +1 cloak {+Inv}
rCorr    .         Harm     .   (gloves unavailable)
MR       .....                  (boots unavailable)
Stlth    ..........             s - amulet of magic regeneration
HPRegen  0.67/turn              h - +5 ring of protection
MPRegen  0.37/turn              D - +5 ring of dexterity

@: lethally poisoned (0 -> -2), extremely drained
A: large, unfitting armour, claws 3, iridescent scales 1, fast metabolism 3,
gourmand, regeneration 1, shaggy fur 1, strong 1, tough skin 2, evolution 1
a: Heroism, Finesse, Renounce Religion, Evoke Invisibility


You were on level 9 of the Dungeon.
You worshipped Okawaru.
Okawaru was extremely pleased with you.
You were very hungry.

You visited 3 branches of the dungeon, and saw 12 of its levels.
You also visited: Labyrinth and Sewer.

You collected 501 gold pieces.

Inventory:

Armour
 a - a +0 robe
 F - +0 fire dragon scales (worn)
 K - a +1 cloak of invisibility (worn)
 L - a +0 troll leather armour
 M - a +1 crystal plate armour
Jewellery
 h - a +5 ring of protection (left claw)
 s - an amulet of magic regeneration (around neck)
 v - an uncursed ring of wizardry
 D - a +5 ring of dexterity (right claw)
 G - an uncursed ring of positive energy
Wands
 c - a wand of disintegration (10)
 t - a wand of paralysis (13)
 x - a wand of clouds (9)
 z - a wand of iceblast (7)
 H - a wand of polymorph (13)
Scrolls
 g - 3 scrolls of teleportation
 i - a scroll of immolation
 j - 5 scrolls of remove curse
 m - 2 scrolls of fog
 o - 2 scrolls of enchant weapon
 p - a scroll of magic mapping
 y - a scroll of fear
 B - a scroll of amnesia {unknown}
 E - a scroll of enchant armour
 I - 2 scrolls of blinking
Potions
 d - a potion of flight
 e - 2 potions of haste
 f - a potion of brilliance
 k - a potion of lignification
 n - 6 potions of curing
 q - 2 potions of might
 r - 3 potions of heal wounds
 u - a potion of agility
Books
 A - a book of Maledictions

   Spells                             Type                      Level
   a - Corona                         Hexes                        1
   b - Ensorcelled Hibernation        Hexes/Ice                    2
   c - Confuse                        Hexes                        3
   d - Tukima's Dance                 Hexes                        3
   e - Dazzling Spray                 Conjuration/Hexes            3
 J - the Reference Book on the Mutagenic Frostbite
   (You found it in a labyrinth)

   Spells                             Type                      Level
   a - Freeze                         Ice                          1
   b - Beastly Appendage              Transmutation                1
   c - Throw Frost                    Conjuration/Ice              2
   d - Metabolic Englaciation         Hexes/Ice                    5
   e - Blade Hands                    Transmutation                5
   f - Statue Form                    Transmutation/Earth          6
Comestibles
 b - 4 rations


   Skills:
 + Level 5.1(0.0) Fighting
 + Level 1.4(0.0) Armour
 + Level 6.5(0.0) Dodging
 + Level 4.0(0.0) Stealth
 + Level 13.1(0.0) Unarmed Combat
 + Level 2.2(0.0) Invocations


You had 10 spell levels left.
You didn't know any spells.

Dungeon Overview and Level Annotations

Branches:
Dungeon (10/15)            Temple (1/1) D:4            Lair (1/6) D:8
    Orc: D:9-12

Altars:
Ashenzari
Cheibriados
Dithmenos
Elyvilon
Fedhas
Gozag
Hepliaklqana
Kikubaaqudgha
Makhleb
Nemelex Xobeh
Okawaru
Qazlal
Ru
Sif Muna
Trog
Uskayaw
Vehumet
Wu Jian
Xom
Yredelemnul
Zin
The Shining One

Shops:
D:8 (:(%

Annotations:
Lair:1 Joseph, Sonja


Innate Abilities, Weirdness & Mutations

You are too large for most types of armour.
You have claws for hands.
Your metabolism is lightning-fast.
You like to eat raw meat.
Your natural rate of healing is unusually fast.
You are covered in fur. (AC +1)
You have very tough skin. (AC +2)
You are partially covered in iridescent scales. (AC +2)
Your muscles are strong. (Str +2)
You evolve.


Message History

You are more poisoned.
You feel as though you will be slow longer.
You closely miss the hornet.
The hornet is almost dead.
You feel sick.
The hornet stings you but does no damage. x2
The hornet stings you!
* * * LOW HITPOINT WARNING * * *
You feel as though you will be slow longer.
You barely miss the hornet.
The hornet is almost dead.
You feel sick.
The hornet stings you but does no damage. x2
You barely miss the hornet.
The hornet is almost dead.
You feel yourself speed up.
You feel sick.
The hornet stings you but does no damage.
The hornet stings you!
You die...

.#########..>......###.# ####'##
...........###.......#.# #......
.###..####.###.#####.#.# #.....#
...#..#............#.#.# #.....#
.#.#..#....###.#.....#'####.....#
##.#..######.#.#.#.#......#.(...#
#(#...........#.#.#......#.....#
##.#.........#.#.#.#......#######
...#######...#.#@#.###+#### #.%#
#..........y#.# #.# ##.#
#.###.#.....#.# #.#
#'########....#.#.###.##########
##.§v...≈##.....................
#§.≈≈≈≈.##.#.#.#.###...........
#.≈vv§..##.#.#.#.# #..#########
#.≈≈§..##..#.#.#.# #..#........
#.≈...######.#.#.# #..#.######.


You could see a hornet.

Vanquished Creatures
  A minotaur (Lab)
  3 death yaks
  The ghost of Syneil the Cruncher, a novice GrGl of Okawaru (D:8)
  The ghost of tidbits the Digger, a novice GnEE (D:9)
  A troll (D:10)
  A minotaur skeleton (Lab)
  2 shadows (Lab)
  4 yaks (Lair:1)
  4 fire bats (D:9)
  A hungry ghost (D:10)
  A hell hound (D:9)
  A water moccasin (Lair:1)
  3 porcupines
  A phantom (D:7)
  2 ice beasts (D:7)
  2 ogres
  A crocodile (Lair:1)
  2 centaurs (D:6)
  7 bullfrogs
  2 scorpions
  3 killer bees (D:7)
  2 vampire bats (D:5)
  4 howler monkeys
  3 bullfrog zombies
  6 crimson imps
  2 centaur zombies
  4 hounds
  A jelly (D:9)
  2 centaur skeletons
  3 orc priests
  Crazy Yiuf (D:5)
  6 orc wizards
  A bullfrog skeleton (D:4)
  An iguana (D:4)
  Ijyb (D:5)
  A hell rat (D:7)
  10 worker ants
  A hound zombie (D:7)
  A hound skeleton (D:9)
  A howler monkey zombie (D:8)
  A howler monkey skeleton (D:4)
  12 adders
  A river rat (D:8)
  3 shadow imps
  4 oozes
  An adder skeleton (D:9)
  An adder zombie (D:7)
  3 worms
  7 leopard geckos
  26 orcs
  6 giant cockroaches
  10 goblins
  8 hobgoblins
  9 jackals
  3 quokkas
  10 ball pythons
  10 bats
  15 frilled lizards
  14 kobolds
  A leopard gecko skeleton (D:4)
  A quokka skeleton (D:8)
  A quokka zombie (D:6)
  12 rats
  A spectral orc (D:7)
  2 plants (Sewer)
257 creatures vanquished.

Vanquished Creatures (others)
  3 fungi (D:10)
  2 plants
5 creatures vanquished.

Grand Total: 262 creatures vanquished

Notes
Turn   | Place    | Note
-------+----------+-------------------------------------------
     0 | D:1      | galech the Troll Monk began the quest for the Orb.
     0 | D:1      | Reached XP level 1. HP: 22/22 MP: 0/0
   156 | D:1      | Reached XP level 2. HP: 29/29 MP: 1/1
   701 | D:2      | Reached XP level 3. HP: 34/36 MP: 2/2
  1124 | D:2      | Reached XP level 4. HP: 22/44 MP: 3/3
  1191 | D:3      | Reached skill level 4 in Unarmed Combat
  1516 | D:3      | Reached XP level 5. HP: 25/52 MP: 4/4
  1648 | D:3      | Reached skill level 5 in Unarmed Combat
  1874 | D:4      | Reached XP level 6. HP: 59/59 MP: 5/5
  2081 | D:4      | Found a staircase to the Ecumenical Temple.
  2092 | Temple   | Entered the Ecumenical Temple
  2172 | Temple   | Became a worshipper of Warmaster Okawaru
  2172 | Temple   | Reached * piety under Okawaru
  2172 | Temple   | Reached ** piety under Okawaru
  2272 | D:4      | Reached skill level 6 in Unarmed Combat
  2447 | D:4      | Reached XP level 7. HP: 64/67 MP: 6/6
  2725 | D:5      | Entered Level 5 of the Dungeon
  2960 | D:5      | Reached skill level 7 in Unarmed Combat
  2983 | D:5      | Found the +4 Vampire's Tooth {vamp}
  2989 | D:5      | Reached *** piety under Okawaru
  3140 | D:5      | Noticed Ijyb
  3142 | D:5      | Found an ancient bone altar of Kikubaaqudgha.
  3144 | D:5      | Paralysed by Ijyb for 3 turns
  3148 | D:5      | Killed Ijyb
  3266 | D:5      | Found a runed door.
  3384 | D:5      | Noticed Crazy Yiuf
  3390 | D:5      | Killed Crazy Yiuf
  3561 | D:6      | Reached XP level 8. HP: 70/75 MP: 7/7
  3650 | D:6      | Reached skill level 8 in Unarmed Combat
  3665 | D:6      | Found a glowing drain.
  3674 | Sewer    | Entered a sewer
  5237 | D:7      | Reached **** piety under Okawaru
  5237 | D:7      | Reached skill level 9 in Unarmed Combat
  5311 | D:7      | Reached skill level 5 in Dodging
  5401 | D:7      | Reached XP level 9. HP: 63/84 MP: 8/8
  5649 | D:7      | Found a basalt altar of Yredelemnul.
  5978 | D:8      | Found Kularoat's Food Shop.
  6098 | D:8      | Noticed Syneil's ghost (novice GrGl)
  6105 | D:8      | Killed Syneil's ghost
  6105 | D:8      | Reached skill level 10 in Unarmed Combat
  6156 | D:8      | Found Cippupyo's Book Emporium.
  6157 | D:8      | Found Pybauj's Weapon Emporium.
  6163 | D:8      | Found an opulent altar of Gozag.
  6180 | D:8      | Found a staircase to the Lair.
  6182 | D:8      | Noticed a death yak
  6186 | D:8      | Noticed a death yak
  6190 | D:8      | Noticed a death yak
  6459 | D:8      | Killed a death yak
  6459 | D:8      | Reached ***** piety under Okawaru
  6477 | D:8      | Found Rutwow's Antique Weapon Shop.
  6616 | D:8      | Reached skill level 11 in Unarmed Combat
  6653 | D:7      | HP: 2/84 [death yak (14)]
  6697 | D:7      | Killed a death yak
  6697 | D:7      | Reached skill level 1 in Invocations
  6697 | D:7      | Reached XP level 10. HP: 30/94 MP: 9/9
  7023 | D:7      | Killed a death yak
  7279 | D:8      | Found a white marble altar of Elyvilon.
  7282 | D:8      | Found a stormy altar of Qazlal.
  7363 | D:8      | Found a glowing silver altar of Zin.
  7364 | D:8      | Found a hazy altar of Hepliaklqana.
  7504 | D:9      | Found a shimmering altar of Xom.
  7604 | D:9      | Noticed tidbits's ghost (novice GnEE)
  7637 | D:9      | Killed tidbits's ghost
  7694 | D:9      | Reached skill level 12 in Unarmed Combat
  7955 | D:9      | Received a gift from Okawaru
  8286 | D:9      | Paralysed by a hornet for 3 turns
  8887 | Lair:1   | Entered Level 1 of the Lair of Beasts
  8910 | Lair:1   | Found a labyrinth entrance.
  8915 | Lab      | Entered a labyrinth
  9099 | Lab      | Noticed a minotaur
  9109 | Lab      | Killed a minotaur
  9109 | Lab      | Received a gift from Okawaru
  9109 | Lab      | Reached skill level 5 in Fighting
  9109 | Lab      | Reached XP level 11. HP: 19/102 MP: 4/11
  9124 | Lab      | Identified the Reference Book on the Mutagenic Frostbite
  9126 | Lab      | Got a colourful robe
  9138 | Lab      | Identified the +2 robe of the Wilderness {rCorr Str-5 Int+2} (You found it in a labyrinth)
  9281 | Lair:1   | Noticed Joseph
  9379 | Lair:1   | Noticed Sonja
 10161 | Lair:1   | Reached skill level 13 in Unarmed Combat
 11976 | D:10     | Entered Level 10 of the Dungeon
 12161 | D:10     | Reached skill level 1 in Armour
 12370 | D:10     | Gained mutation: You are weak. (Str -2) [potion of mutation]
 12370 | D:10     | Gained mutation: Your flesh is cold resistant. (rC+) [potion of mutation]
 12370 | D:10     | Gained mutation: You have sharp toenails. [potion of mutation]
 12371 | D:10     | Lost mutation: You have sharp toenails. [potion of mutation]
 12371 | D:10     | Lost mutation: You are weak. (Str -2) [potion of mutation]
 12371 | D:10     | Lost mutation: Your flesh is cold resistant. (rC+) [potion of mutation]
 12371 | D:10     | Gained mutation: Your muscles are strong. (Str +2) [potion of mutation]
 12371 | D:10     | Gained mutation: You are partially covered in iridescent scales. (AC +2) [potion of mutation]
 12371 | D:10     | Gained mutation: You evolve. [potion of mutation]
 12545 | D:9      | Slain by a hornet

Vault maps used:
D:1:      mrwooster_arrival_statue_3
D:4:      minmay_temple_entry_trees, first_ration
D:5:      basic_altar, minmay_guarded_unrand_vampires_tooth, uniq_ijyb,
          uniq_crazy_yiuf_cottage
D:6:      nicolae_ossuary_entry_monument, portal_sewer_entry_a,
          grunt_decor_mini_mirrors, hex_intersection,
          hangedman_decor_clover_reticule
D:7:      yredelemnul_forgotten_temple_becter
D:8:      nicolae_gozag_seed_capital, nicolae_overflow_hidden_temple,
          dpeg_lair_monsters, serial_curves, eino_curves_02, eino_curves_03,
          eino_curves_04, serial_shops, nicolae_shop_overgrown_old_shop, shop,
          shop, shop
D:9:      basic_altar, hangedman_incinerator
D:10:     kennysheep_steamy, grunt_livestock
Temple:   eino_temple_rhombus
Lair:1:   lab_entry_generic, infiniplex_staircase_pool, uniq_joseph, uniq_sonja
Lab:      labyrinth_watery, nicolae_lab_garden, labyrinth_skeletal_remains,
          lab_statue, nicolae_lab_swirl, nicolae_lab_diamond, nicolae_lab_plus,
          nicolae_lab_big_swirl, nicolae_lab_do_over
Sewer:    sewer_co_scattered_pipes

Skill      XL: |  1  2  3  4  5  6  7  8  9 10 11 |
---------------+----------------------------------+-----
Dodging        | 3 4 5 6 |  6.5
Unarmed Combat | 4 5 6 7 9 11 12 13 | 13.1
Fighting       | 3 4 5 |  5.1
Stealth        | 2 3 4 |  4.0
Invocations    | 1 2 |  2.2
Armour         | 1 |  1.4

Action                   |  1- 3 |  4- 6 |  7- 9 | 10-12 || total
-------------------------+-------+-------+-------+-------++-------
Melee: Unarmed           |   120 |   147 |   351 |   333 ||   951
       Punch             |     1 |     5 |    13 |     7 ||    26
Invok: Heroism           |       |       |     7 |     8 ||    15
       Finesse           |       |       |       |     2 ||     2
  Use: Scroll            |       |     1 |    12 |     5 ||    18
       Potion            |       |       |       |    10 ||    10
 Stab: Sleeping          |     1 |     4 |     5 |     2 ||    12
  Eat: Chunk             |    16 |    12 |    40 |    32 ||   100
       Ration            |       |       |       |     9 ||     9
Armor: Robe              |    46 |    35 |    82 |    23 ||   186
       Fire dragon scale |       |       |       |   221 ||   221
Dodge: Dodged            |    61 |    62 |   207 |   145 ||   475

Table legend:
 A = Spawn XP
 B = Non-spawn XP
 C = Spawn XP percentage of total XP
 D = Spawn monster count
 E = Non-spawn monster count
 F = Spawn count percentage of total count
 G = Total turns spent on level
                    A         B        C        D         E        F      G
               +---------+---------+-------+---------+---------+-------+---------
         Total |       0 |   12888 |   0.0 |       0 |     255 |   0.0 | 12545
               +---------+---------+-------+---------+---------+-------+---------
           D:1 |       0 |      25 |   0.0 |       0 |      20 |   0.0 |   676
           D:2 |       0 |      72 |   0.0 |       0 |      26 |   0.0 |   487
           D:3 |       0 |     224 |   0.0 |       0 |      35 |   0.0 |   699
           D:4 |       0 |     499 |   0.0 |       0 |      24 |   0.0 |   772
           D:5 |       0 |     437 |   0.0 |       0 |      18 |   0.0 |   754
           D:6 |       0 |     857 |   0.0 |       0 |      25 |   0.0 |  1193
           D:7 |       0 |    2643 |   0.0 |       0 |      18 |   0.0 |  1258
           D:8 |       0 |    2433 |   0.0 |       0 |      24 |   0.0 |  2332
           D:9 |       0 |    2087 |   0.0 |       0 |      23 |   0.0 |  1504
          D:10 |       0 |     729 |   0.0 |       0 |       8 |   0.0 |   529
        Lair:1 |       0 |    1057 |   0.0 |       0 |       6 |   0.0 |  1331
           Lab |       0 |    1765 |   0.0 |       0 |       4 |   0.0 |   253
         Sewer |       0 |      60 |   0.0 |       0 |      24 |   0.0 |   666
               +---------+---------+-------+---------+---------+-------+---------
